 Dungeon Crawl Stone Soup version 0.20.1-1-g8b1a95d66d (webtiles) character file.

1142 BrokenGlass the Nimble (level 8, -4/41 HPs)
             Began as a Felid Fighter on Dec 25, 2017.
             Was an Initiate of Ru.
             Slain by an orc
             ... wielding a +0 whip of electrocution
              (5 damage)
             ... on level 8 of the Dungeon.
             The game lasted 00:10:04 (8761 turns).

BrokenGlass the Nimble (Felid Fighter)              Turns: 8761, Time: 00:10:04

Health: -4/41      AC:  2    Str: 15    XL:     8   Next: 15%
Magic:  0/9        EV: 26    Int:  9    God:    Ru [......]
Gold:   406        SH:  0    Dex: 16    Spells: 7/7 levels left
                                        Lives:  0   Deaths: 2

rFire    + . .     SeeInvis +     - Unarmed
rCold    . . .     Gourm    .   (shield unavailable)
rNeg     . . .     Faith    .   (armour unavailable)
rPois    .         Spirit   +   (helmet unavailable)
rElec    .         Reflect  .   (cloak unavailable)
rCorr    .         Harm     .   (gloves unavailable)
MR       +....                  (boots unavailable)
Stlth    ++++......             o - amulet of guardian spirit
Regen    0.2/turn               e - ring of protection from fire
MPRegen  0.2/turn               c - ring of wizardry

@: quick
A: no armour, no weapons or thrown items, stealth, claws 1, fangs 3, see
invisible, carnivore 3, speed 1, shaggy fur 2, slow metabolism 1, sharp paws
a: Sacrifice Arcana, Sacrifice Drink, Sacrifice Love, Reject Sacrifices,
Renounce Religion


You were on level 8 of the Dungeon.
You worshipped Ru.
Ru was noncommittal.
You were not hungry.

You visited 1 branch of the dungeon, and saw 8 of its levels.

You collected 406 gold pieces.

Inventory:

Jewellery
 a - an uncursed ring of fire
 c - a ring of wizardry (right paw)
 e - a ring of protection from fire (left paw)
 o - an amulet of guardian spirit (around neck)
 t - an uncursed amulet of magic regeneration {unknown}
Wands
 h - a wand of paralysis (8/24)
 p - a wand of flame (19/48)
 w - a wand of iceblast (3/15)
 A - a wand of random effects (22/48)
Scrolls
 d - a scroll of identify
 i - 3 scrolls of recharging {unknown}
 j - 3 scrolls of random uselessness {unknown}
 k - 3 scrolls of magic mapping {unknown}
 l - 3 scrolls of immolation {unknown}
 m - 6 scrolls of teleportation {unknown}
 n - 2 scrolls of noise {unknown}
 u - 2 scrolls of fear {unknown}
 y - a scroll of amnesia {unknown}
Potions
 f - 5 potions of brilliance {unknown}
 g - 2 potions of flight
 r - a potion of heal wounds
 s - a potion of lignification
 v - 6 potions of curing
 x - 2 potions of might
 z - 2 potions of haste {unknown}
 B - a potion of resistance {unknown}
Comestibles
 b - 5 meat rations
 q - 3 royal jellies


   Skills:
 * Level 8.6 Fighting
 * Level 10.7 Dodging
 * Level 7.0 Stealth
 - Level 8.0 Unarmed Combat


You had 7 spell levels left.
You didn't know any spells.

Dungeon Overview and Level Annotations

Branches:
Dungeon (8/15)             Temple (0/1) D:7
   Lair: D:8-11

Altars:
Ashenzari
Fedhas
Gozag
Kikubaaqudgha
Makhleb
Qazlal
Ru
Sif Muna
Trog
Uskayaw
Xom
Yredelemnul
The Shining One

Annotations:
D:8 Squeewockle's ghost, novice MiFi


Innate Abilities, Weirdness & Mutations

You cannot wear armour.
You are incapable of wielding weapons or throwing items.
Your paws allow you to move quietly. (Stealth)
You have sharp claws.
You have razor-sharp teeth.
You have supernaturally acute eyesight. (SInv)
You are carnivorous and can eat meat at any time.
You cover ground quickly.
You are covered in thick fur. (AC +2)
You have a slow metabolism.
Your sharp claws are effective at attacking unaware monsters.


Message History

The hell hound moves out of view.
The orc misses you.
The crimson imp blinks!
The howler monkey skeleton misses you.
The orc priest begins to cast a cantrip, but forgets the words!
The orc closely misses you.
The howler monkey skeleton completely misses you.
The orc priest invokes the aid of Beogh against you.
Beogh smites you! The orc completely misses you.
The howler monkey skeleton closely misses you.
The hell hound barks!
A howler monkey comes into view.
The howler monkey howls!
You hear a bark!
You hear a shout! x2
The orc hits you with a whip of electrocution!
You are electrocuted!
* * * LOW HITPOINT WARNING * * *
The howler monkey skeleton closely misses you.
The orc priest invokes the aid of Beogh against you.
You resist with significant effort.
The orc hits you with a whip of electrocution.
You die...

#...........#
###...........#
#..............
#.............. #
##..##.......###
#.... ###.....[..##
#..#5###......##.....
#..o#...#..### .....#
#ho@.###..# .....
......Z### ...# #
..##.#h ##.. ..## #
## ..# .... ... .....
...[ ..... .....
#.... #....


You could see a hell hound, a howler monkey, an orc priest, a crimson imp, an
orc and a howler monkey skeleton.

Vanquished Creatures
  The ghost of topfpfpflanze the Summoner, a novice VSSu (D:7)
  Joseph (D:7)
  Grinder (D:5)
  A hungry ghost (D:7)
  Duvessa (D:7)
  2 sky beasts
  The ghost of tehanu the Skirmisher, an amateur MiBe of Trog (D:3)
  4 phantoms
  2 centaurs
  A big kobold (D:7)
  A bullfrog (D:6)
  A wyvern skeleton (D:7)
  Dowan (D:7)
  A scorpion (D:6)
  4 crimson imps
  4 hounds
  A bullfrog zombie (D:5)
  3 centaur skeletons (D:8)
  5 jellies
  4 orc wizards
  A gnoll shaman (D:7)
  2 orc priests
  2 iguanas (D:5)
  7 worker ants
  Natasha (thrice) (D:4)
  A hound skeleton (D:8)
  6 gnolls
  7 adders
  3 oozes
  4 worms (D:2)
  2 dart slugs
  4 leopard geckos
  15 orcs
  2 ball pythons
  6 giant cockroaches
  4 goblins
  6 hobgoblins
  4 jackals
  10 kobolds
  A quokka (D:5)
  9 bats
  A leopard gecko skeleton (D:4)
  A quokka skeleton (D:8)
  4 rats (D:3)
145 creatures vanquished.

Notes
Turn   | Place    | Note
-------+----------+-------------------------------------------
     0 | D:1      | BrokenGlass the Felid Fighter began the quest for the Orb.
     0 | D:1      | Reached XP level 1. HP: 10/10 MP: 2/2
   226 | D:1      | Reached skill level 1 in Stealth
   264 | D:1      | Reached XP level 2. HP: 14/14 MP: 3/3
  1189 | D:2      | Reached XP level 3. HP: 17/17 MP: 4/4
  1727 | D:2      | Reached skill level 5 in Unarmed Combat
  2319 | D:2      | Reached XP level 4. HP: 16/21 MP: 5/5
  2837 | D:3      | Noticed tehanu's ghost (amateur MiBe)
  3170 | D:4      | Reached XP level 5. HP: 18/24 MP: 6/6
  3318 | D:4      | Noticed a centaur
  3322 | D:4      | Killed a centaur
  3456 | D:4      | Noticed a phantom
  3465 | D:4      | Killed a phantom
  3465 | D:4      | Gained mutation: You are covered in thick fur. (AC +2) [Felid growth]
  3465 | D:4      | Reached XP level 6. HP: 28/28 MP: 7/7
  3499 | D:4      | Noticed Natasha
  3506 | D:4      | Killed Natasha
  3998 | D:3      | Killed tehanu's ghost
  4122 | D:3      | Found a burning altar of Makhleb.
  4122 | D:3      | Noticed a balrug
  4125 | D:3      | Noticed an orange demon
  4125 | D:3      | Noticed an orange demon
  4220 | D:3      | Reached XP level 7. HP: 11/31 MP: 8/8
  4535 | D:3      | Found a faded altar of an unknown god.
  4961 | D:4      | Found a sacrificial altar of Ru.
  4990 | D:4      | Became a worshipper of Ru the Awakened
  5023 | D:4      | Noticed Natasha
  5026 | D:4      | Killed Natasha
  5079 | D:4      | Noticed Natasha
  5089 | D:4      | Killed Natasha
  5163 | D:4      | Found a shimmering altar of Xom.
  5275 | D:5      | Entered Level 5 of the Dungeon
  5380 | D:5      | Noticed Grinder
  5400 | D:5      | Killed Grinder
  5400 | D:5      | Reached skill level 5 in Dodging
  5665 | D:5      | Reached skill level 6 in Dodging
  5736 | D:5      | Reached skill level 5 in Fighting
  5866 | D:5      | Reached XP level 8. HP: 37/37 MP: 9/9
  6326 | D:6      | Reached skill level 7 in Dodging
  6515 | D:6      | Found a hide-covered altar of Uskayaw.
  6813 | D:6      | Reached skill level 8 in Dodging
  7096 | D:7      | Noticed Joseph
  7105 | D:7      | Killed Joseph
  7105 | D:7      | Reached skill level 9 in Dodging
  7105 | D:7      | Reached XP level 9. HP: 34/43 MP: 6/10
  7222 | D:7      | Found an opulent altar of Gozag.
  7223 | D:7      | Found a shattered altar of Ashenzari.
  7233 | D:7      | Found a deep blue altar of Sif Muna.
  7235 | D:7      | Found a glowing golden altar of the Shining One.
  7262 | D:7      | Found a basalt altar of Yredelemnul.
  7369 | D:7      | Found a bloodstained altar of Trog.
  7370 | D:7      | Found a stormy altar of Qazlal.
  7594 | D:7      | Noticed Duvessa
  7597 | D:7      | Noticed Dowan
  7607 | D:7      | Killed Duvessa
  7614 | D:7      | Killed Dowan
  7923 | D:7      | Found a staircase to the Ecumenical Temple.
  7943 | D:7      | Noticed a four-headed hydra
  7947 | D:7      | Noticed a two-headed ogre
  7986 | D:7      | Slain by a four-headed hydra
  7987 | D:7      | Reached XP level 8. HP: -1/40 MP: 0/9
  8002 | D:7      | Reached skill level 5 in Stealth
  8106 | D:7      | Noticed topfpfpflanze's ghost (novice VSSu)
  8116 | D:7      | Killed topfpfpflanze's ghost
  8116 | D:7      | Reached skill level 10 in Dodging
  8212 | D:7      | Reached XP level 9. HP: 30/45 MP: 7/10
  8340 | D:7      | Found a blossoming altar of Fedhas.
  8342 | D:7      | Found an ancient bone altar of Kikubaaqudgha.
  8720 | D:8      | Noticed Squeewockle's ghost (novice MiFi)
  8734 | D:8      | Killed from afar by an orc priest
  8735 | D:8      | Reached XP level 8. HP: -10/41 MP: 0/9
  8760 | D:8      | HP: 1/41 [orc/whip of electrocution (16)]
  8761 | D:8      | Slain by an orc

Skill      XL: |  1  2  3  4  5  6  7  8  9 |
---------------+----------------------------+-----
Stealth        | 1 2 3 6 7 |  7.0
Unarmed Combat | 5 7 8 |  8.0
Fighting       | 5 8 |  8.6
Dodging        | 6 10 | 10.7

Action                   |  1- 3 |  4- 6 |  7- 9 || total
-------------------------+-------+-------+-------++-------
Melee: Unarmed           |    90 |   117 |   303 ||   510
       Bite              |     2 |    12 |    33 ||    47
       Punch             |     1 |     2 |    15 ||    18
Evoke: Wand              |       |       |    11 ||    11
  Use: Potion            |     3 |     2 |     1 ||     6
       Scroll            |       |       |     3 ||     3
 Stab: Sleeping          |     5 |    12 |    18 ||    35
       Distracted        |     1 |       |     2 ||     3
  Eat: Chunk             |     4 |     3 |    14 ||    21
Armor: Skin              |     5 |     6 |    13 ||    24
Dodge: Dodged            |    91 |    80 |   246 ||   417
